 Dungeon Crawl Stone Soup version 0.30-a0-918-g0ff054e9dc (webtiles) character file.

Game seed: 6158573272498520120

102 holysushi the Cudgeller (level 4, -1/39 HPs)
             Began as an Armataur Fighter on Mar 21, 2023.
             Killed by divine providence
             ... invoked by an orc priest
              (14 damage)
             ... on level 3 of the Dungeon.
             The game lasted 00:02:04 (2018 turns).

holysushi the Cudgeller (Armataur Fighter)          Turns: 2018, Time: 00:02:05

Health: -1/39      AC: 10    Str: 21    XL:     4   Next: 49%
Magic:  4/4        EV:  7    Int:  9    God:
Gold:   125        SH:  5    Dex: 11    Spells: 3/3 levels left

rFire   . . .      SeeInvis .    a - +1 flail
rCold   . . .      Faith    .    c - +1 buckler
rNeg    . . .      Spirit   .    b - +0 scale mail
rPois   +          Reflect  .    i - +0 helmet
rElec   .          Roll     +    j - +1 cloak
rCorr   .                        (no gloves)
Will    .....                    (no barding) Stlth
                                 (no amulet)
HPRegen 0.26/turn                m - ring of poison resistance
MPRegen 0.09/turn                (no ring)

@: mighty
A: large, rugged brown scales 3, deformed body, armoured tail, roll, long
tongue, awkward tongue
a: no special abilities


You were on level 3 of the Dungeon.
You visited 1 branch of the dungeon, and saw 3 of its levels.

You collected 125 gold pieces.

Inventory:

Hand Weapons
 a - a +1 flail (weapon)
Armour
 b - a +0 scale mail (worn)
 c - a +1 buckler (worn)
 i - a +0 helmet (worn)
 j - a +1 cloak (worn)
Jewellery
 l - a +6 ring of intelligence
 m - a ring of poison resistance (left hand)
Scrolls
 n - a scroll of blinking {unknown}
 p - 3 scrolls of fear {unknown}
Potions
 e - 2 potions of haste {unknown}
 f - a potion of ambrosia {unknown}
 g - 2 potions of flight
 h - a potion of invisibility {unknown}
 k - a potion of brilliance {unknown}
 o - 2 potions of curing {unknown}


   Skills:
 - Level 2.6 Fighting
 + Level 4.3 Maces & Flails
 - Level 3.6 Armour
 - Level 3.2 Shields


You had 3 spell levels left.
You didn't know any spells.
Your spell library was empty.

Dungeon Overview and Level Annotations

Branches:
Dungeon (3/15) Zot: 15943

Altars:
Wu Jian


Innate Abilities, Weirdness & Mutations

You are completely covered in rugged brown scales. (AC +3, +7% HP)
Armour fits poorly on your strangely shaped body.
You have a long armoured tail.
You roll when moving toward enemies. (Rampage)
Your long tongue fully drains potion bottles. (2x potion effects)
Your tongue gives you trouble enunciating. (1.5x scroll delay)


Message History

p - 3 scrolls labelled JUIHALAMAQ No target in view!
An orc priest comes into view. It is wielding a +0 dagger.
Found a scroll labelled RILAJE BUREDUM.
The orc priest shouts!
You hear a shout!
An orc comes into view. It is wielding a +0 short sword.
The orc priest calls down the wrath of Beogh upon you.
Beogh smites you!
You see here an adder corpse.
You roll towards the orc!
An orc priest comes into view. It is wielding a +0 club.
The orc shouts!
The orc priest shouts!
There are monsters nearby!
There are monsters nearby!
You roll towards the orc!
There are monsters nearby!
You closely miss the orc priest. You block the orc's attack.
The orc priest hits you but does no damage.
You closely miss the orc priest. You block the orc priest's attack.
You block the orc's attack.
You aren't carrying any items that you can evoke.
Unknown command.
You feel very mighty all of a sudden.
You slurp down every last drop of the potion of might!
You block the orc priest's attack. The orc hits you but does no damage.
The orc priest hits you but does no damage.
You barely miss the orc priest. The orc priest barely misses you.
You block the orc priest's attack. The orc hits you but does no damage.
You barely miss the orc priest.
Your tail-slap misses the orc priest.
The orc priest hits you but does no damage.
The orc priest invokes the aid of Beogh against you.
Beogh smites you! The orc hits you but does no damage.
The orc priest hits you but does no damage. x2
You block the orc's attack.
You bludgeon the orc priest!!
You kill the orc priest!
The orc closely misses you.
The orc priest invokes the aid of Beogh against you.
Beogh smites you!
You die...

##.#####<##.....# #.#
#..........#.....# #.#
#..........#.....# #.#
#..........#.....####.#
#..........†..........#
#..........#.....######
#..........#.....#
#..........#.....#
#.....o@...#######
#.....o)...#
#..........#
#..........#
###.######## #. #


You could see an orc priest and an orc.

Vanquished Creatures
  An orc priest (D:3)
  A gnoll (D:1)
  5 adders
  2 dart slugs
  An orc (D:3)
  4 ball pythons
  3 endoplasms
  2 giant cockroaches (D:2)
  3 hobgoblins
  2 kobolds (D:1)
  5 quokkas
  3 bats
  2 frilled lizards
  3 goblins
  8 rats
  A spectral kobold (D:1)
46 creatures vanquished.

Notes
Turn   | Place    | Note
-------+----------+-------------------------------------------
     0 | D:1      | holysushi the Armataur Fighter began the quest for the Orb.
     0 | D:1      | Reached XP level 1. HP: 19/19 MP: 1/1
    46 | D:1      | Reached skill level 2 in Maces & Flails
   235 | D:1      | Reached XP level 2. HP: 26/26 MP: 2/2
   651 | D:1      | Found a faded altar of an unknown god.
   697 | D:1      | Reached skill level 3 in Maces & Flails
   697 | D:1      | Reached XP level 3. HP: 32/32 MP: 3/3
  1117 | D:2      | Found an ornate altar of the Wu Jian Council.
  1524 | D:2      | Reached skill level 4 in Maces & Flails
  1524 | D:2      | Reached XP level 4. HP: 39/39 MP: 4/4
  2018 | D:3      | Killed from afar by an orc priest

Illustrated notes

Levels and vault maps discovered:
D:1:      nicolae_arrival_somewhat_less_tricky_arrival, layout_loops_corners,
          dreamdust_ecumenical_altar_drowned_temple
D:2:      layout_loops_cross, basic_altar, minmay_pentomino_t2
D:3:      layout_basic, trog_hazing_becter, uniq_natasha

Skill      XL: |  1  2  3 |
---------------+----------+-----
Maces & Flails | 2 3 4 |  4.3
Fighting       | |  2.6
Armour         | |  3.6
Shields        | |  3.2

Action                     |  1- 3 |  4- 6 || total
---------------------------+-------+-------++-------
  Melee: Flail             |    84 |    53 ||   137
         Tailslap          |     6 |     4 ||    10
    Use: Scroll            |       |     5 ||     5
         Potion            |       |     1 ||     1
 Armour: Scale mail        |    33 |    36 ||    69
  Dodge: Dodged            |    32 |    19 ||    51
  Block: Buckler           |    12 |    24 ||    36

Table legend: (Time is in decaauts)
 A = Elapsed time spent in this place.
 B = Non-inter-level travel time spent in this place.
 C = Inter-level travel time spent in this place.
 D = Time resting spent in this place.
 E = Time spent auto-exploring this place.
 F = Levels seen in this place.
 G = Mean time per level.
                   A        B        C        D        E       F      G
               +--------+--------+--------+--------+--------+-----+--------+
         Total |   2055 |   1981 |     74 |    137 |   1447 |   3 |  685.0 |
       Dungeon |   2055 |   1981 |     74 |    137 |   1447 |   3 |  685.0 |
               +--------+--------+--------+--------+--------+-----+--------+

Top non-repeatable levels by time:
     D:1: 1060 daAuts
     D:2: 713 daAuts
     D:3: 281 daAuts
